Map: Acropolis LE

Players

Smeeeger

  • Race: Terran Terran
  • League: Platinum
  • Spawn Location: 5:00

A.I. 1 (Harder) - Winner!

  • Race: Terran Terran
  • Spawn Location: 11:00

VOD

Have the link to the VOD?

Description

Time

  • Played on: July 24, 2019, 10:33 p.m.
  • Length: 5:54
Show
View Real Time Build Order
Export as new Build Order

Smeeeger Terran 

Build Orders:  

Get SALT Encoding   

  12  0:01  SCV  
  13  0:13  SCV  
  14  0:18  Supply Depot  
  14  0:26  SCV  
  15  0:39  SCV  
  15  0:40  Barracks  
  16  0:45  Refinery  
  16  0:51  SCV  
  17  1:03  SCV  
  18  1:16  SCV  
  19  1:29  Orbital Command  
  19  1:30  Barracks Reactor  
  19  1:43  Command Center  
  19  1:56  SCV  
  19  2:01  Supply Depot  
  20  2:08  Marine x2, SCV  
  23  2:23  SCV  
  23  2:24  Supply Depot  
  23  2:29  Barracks  
  24  2:31  Barracks  
  24  2:38  Marine x2  
  24  2:41  SCV  
  27  2:47  Supply Depot  
  27  2:56  Marine  
  27  2:58  Orbital Command  
  28  3:04  SCV  
  29  3:07  Marine  
  30  3:14  Marine  
  30  3:16  SCV  
  32  3:21  Supply Depot  
  32  3:22  Marine  
  32  3:25  Marine, Barracks Reactor  
  34  3:28  Barracks Tech Lab  
  34  3:36  Factory  
  34  3:37  SCV x2  
  36  3:42  Marine  
  36  3:45  Supply Depot  
  38  3:49  Marine, SCV x2  
  41  3:56  Barracks Reactor  
  41  4:01  Marine x2, SCV  
  41  4:02  SCV  
  44  4:06  Marine  
  45  4:13  SCV  
  45  4:14  SCV  
  47  4:18  Marine  
  47  4:19  Marine  
  49  4:24  Marine  
  49  4:25  Starport, SCV  
  49  4:26  SCV  
  52  4:32  Refinery  
  53  4:38  Refinery, SCV x2  
  53  4:43  Factory Tech Lab  
  53  4:44  Factory Reactor  
  54  4:46  Marine x2  
  54  4:47  Marine x3  
  54  4:50  SCV x2  
  61  5:02  SCV  
  61  5:03  SCV  
  61  5:04  Marine x2  
  65  5:08  Marine  
  65  5:09  Marine x2  
  68  5:14  SCV  
  68  5:15  SCV  
  68  5:17  Command Center  
  70  5:22  Marine x2  
  70  5:23  Engineering Bay  
  70  5:26  Marine  
  70  5:27  Engineering Bay, SCV x2  
  75  5:32  Supply Depot  
  75  5:36  Supply Depot  
  75  5:39  SCV x2  
Show
View Real Time Build Order
Export as new Build Order

A.I. 1 (Harder) Terran - Winner!

Build Orders:  

Get SALT Encoding   

  12  0:00  SCV  
  13  0:13  SCV  
  14  0:18  Supply Depot  
  14  0:25  SCV  
  15  0:40  SCV  
  15  0:41  Barracks  
  16  0:47  Refinery  
  16  0:52  SCV  
  17  1:04  SCV  
  18  1:16  SCV  
  19  1:19  Supply Depot  
  19  1:28  SCV  
  19  1:29  Marine  
  21  1:41  Barracks, Orbital Command  
  21  1:46  Marine  
  21  1:48  Refinery  
  22  2:03  Factory  
  22  2:05  Barracks Tech Lab  
  22  2:22  Supply Depot  
  22  2:23  Marauder  
  24  2:30  Marine  
  25  2:45  Marauder  
  25  2:48  Marine  
  28  2:53  Supply Depot, Hellion  
  30  3:05  Marine  
  30  3:07  Marine  
  32  3:15  Hellion  
  34  3:24  Marauder  
  36  3:29  Marine  
  36  3:32  Supply Depot  
  37  3:36  Hellion  
  39  3:45  Marine  
  40  3:50  Marine  
  40  3:53  SCV  
  42  3:56  Supply Depot  
  42  4:02  Marine  
  42  4:04  Engineering Bay  
  42  4:05  Hellion, SCV  
  46  4:18  SCV  
  46  4:21  Marauder  
  49  4:27  Hellion  
  49  4:30  SCV  
  52  4:42  SCV  
  53  4:54  SCV  
Tags
 
League
Platinum
Matchup
TvT
Race
Terran
Replay Pack
SC2 replays
Spawn Locations
Cross Positions
Add a new tag
Caveats
  • Supply blocks, unpowered buildings, or Contaminate may cause inaccurate times.
  • Supply counts are checked every 10 seconds.